 Dungeon Crawl Stone Soup version 0.22-a0-348-gd16d139 (webtiles) character file.

162 tilp the Chiller (level 5, -11/35 HPs)
             Began as a Merfolk Ice Elementalist on Apr 8, 2018.
             Mangled by an ogre
             ... wielding a +0 giant spiked club
              (16 damage)
             ... on level 4 of the Dungeon.
             The game lasted 00:11:44 (5270 turns).

tilp the Chiller (Merfolk Ice Elementalist)         Turns: 5270, Time: 00:11:45

Health: -11/35     AC:  7    Str:  8    XL:     5   Next: 43%
Magic:  1/8        EV: 13    Int: 16    God:
Gold:   98         SH:  0    Dex: 14    Spells: 2/8 levels left

rFire    . . .     SeeInvis .   k - -1 short sword (curse)
rCold    . . .     Gourm    .   (no shield)
rNeg     . . .     Faith    .   a - +0 robe
rPois    .         Spirit   .   o - +1 helmet
rElec    .         Reflect  .   j - +2 cloak
rCorr    .         Harm     .   (no gloves)
MR       .....                  (no boots)
Stlth    ++........             (no amulet)
HPRegen  0.11/turn              (no ring)
MPRegen  0.11/turn              (no ring)

@: very slightly contaminated
A: change form in water, swift swim, stealthy swim
a: no special abilities


You were on level 4 of the Dungeon.
You were not hungry.

You visited 1 branch of the dungeon, and saw 4 of its levels.

You collected 98 gold pieces.

Inventory:

Hand Weapons
 b - a +0 spear
 k - a cursed -1 short sword (weapon)
 l - a +1 dagger
 m - a cursed +0 hunting sling
 s - a +0 halberd
Missiles
 d - 111 stones
 e - 6 tomahawks (quivered)
Armour
 a - a +0 robe (worn)
 j - a +2 cloak (worn)
 o - a +1 helmet (worn)
Jewellery
 i - an uncursed amulet of harm
 n - a cursed -3 ring of strength {unknown}
Scrolls
 f - a scroll of enchant weapon
 h - a scroll of magic mapping
 q - a scroll of immolation
Potions
 g - 4 potions of mutation {unknown}
 p - a potion of curing {unknown}
Comestibles
 c - 7 rations
 r - a chunk of flesh


   Skills:
 - Level 2.6 Dodging
 - Level 2.1 Stealth
 - Level 2.0 Spellcasting
 - Level 0.7 Conjurations
 + Level 6.5 Ice Magic


You had 2 spell levels left.
You knew the following spells:

 Your Spells              Type           Power        Failure   Level  Hunger
a - Freeze                Ice            ###.         1%          1    #......
b - Throw Frost           Conj/Ice       ##....       7%          2    ###....
c - Ozocubu's Armour      Chrm/Ice       ##......     16%         3    ###....


Dungeon Overview and Level Annotations

Branches:
Dungeon (4/15)
 Temple: D:4-7

Altars:
Elyvilon


Message History

You freeze the ogre.
The ogre is moderately wounded.
The ogre closely misses you.
You barely miss the ogre.
The ogre is moderately wounded.
The ogre misses you.
You hit the ogre.
The ogre is moderately wounded.
The ogre barely misses you.
You hit the ogre.
The ogre is heavily wounded.
You hit the ogre but do no damage.
The ogre is heavily wounded.
The ogre hits you with a giant spiked club!!
Ouch! That really hurt!
* * * LOW HITPOINT WARNING * * *
You hit the ogre.
The ogre is heavily wounded.
The ogre hits you with a giant spiked club!
You die...

## #. #.# ##
#.## .###.
#..### #....#
##....###....#
##...O......#
##....)@#....#
##..†..###....#
# ##.....##
#....# #.
##....###
##...#
#.###....##
#...#
#......###
#...# ##....##
#...# #.#..#
#...##
#.#..####
#....#


You could see an ogre.

Vanquished Creatures
  A worker ant (D:4)
  2 gnolls (D:3)
  3 adders
  3 oozes
  3 worms
  A dart slug (D:3)
  4 leopard geckos
  2 orcs
  6 bats
  3 giant cockroaches
  10 goblins
  3 hobgoblins
  4 jackals (D:2)
  A quokka (D:2)
  2 ball pythons (D:2)
  5 frilled lizards
  7 kobolds
  5 rats
65 creatures vanquished.

Vanquished Creatures (others)
  A giant cockroach (D:2)
1 creature vanquished.

Grand Total: 66 creatures vanquished

Notes
Turn   | Place    | Note
-------+----------+-------------------------------------------
     0 | D:1      | tilp the Merfolk Ice Elementalist began the quest for the Orb.
     0 | D:1      | Reached XP level 1. HP: 13/13 MP: 3/3
   370 | D:1      | Reached XP level 2. HP: 15/19 MP: 1/5
   437 | D:1      | Reached skill level 4 in Ice Magic
  1111 | D:1      | Learned a level 2 spell: Throw Frost
  1228 | D:2      | Reached XP level 3. HP: 24/24 MP: 6/6
  1233 | D:2      | Learned a level 3 spell: Ozocubu's Armour
  2154 | D:2      | Found a white marble altar of Elyvilon.
  2193 | D:2      | Reached skill level 5 in Ice Magic
  2647 | D:2      | Reached XP level 4. HP: 28/30 MP: 3/7
  4363 | D:3      | Reached skill level 6 in Ice Magic
  4567 | D:3      | Found a faded altar of an unknown god.
  4657 | D:3      | Reached XP level 5. HP: 19/35 MP: 2/8
  5234 | D:4      | Noticed an ogre
  5270 | D:4      | Mangled by an ogre

Vault maps used:
D:1:      dpeg_arrival_circle_labyrinth_b
D:2:      elyvilon_altar_4
D:3:      chequers_ecumenical_altar_island, first_ration
D:4:      lemuel_doored_altar, temple_fountains, kennysheep_nub

Skill      XL: |  1  2  3  4 |
---------------+-------------+-----
Ice Magic      | 4 5 6 |  6.5
Dodging        | |  2.6
Stealth        | |  2.1
Spellcasting   | |  2.0
Conjurations   | |  0.7

Action                   |  1- 3 |  4- 6 || total
-------------------------+-------+-------++-------
Melee: Short sword       |    43 |    62 ||   105
Throw: Tomahawk          |     9 |    11 ||    20
 Cast: Freeze            |    53 |    45 ||    98
       Ozocubu's Armour  |     4 |    10 ||    14
  Use: Scroll            |     6 |     1 ||     7
 Stab: Sleeping          |     4 |     2 ||     6
       Distracted        |       |     1 ||     1
  Eat: Chunk             |     7 |     7 ||    14
       Ration            |       |     1 ||     1
Armor: Robe              |    14 |    27 ||    41
Dodge: Dodged            |    51 |    66 ||   117

Table legend:
 A = Spawn XP
 B = Non-spawn XP
 C = Spawn XP percentage of total XP
 D = Spawn monster count
 E = Non-spawn monster count
 F = Spawn count percentage of total count
 G = Total turns spent on level
                    A         B        C        D         E        F      G
               +---------+---------+-------+---------+---------+-------+---------
         Total |       0 |     232 |   0.0 |       0 |      65 |   0.0 |  5270
               +---------+---------+-------+---------+---------+-------+---------
           D:1 |       0 |      28 |   0.0 |       0 |      15 |   0.0 |  1372
           D:2 |       0 |      64 |   0.0 |       0 |      24 |   0.0 |  1985
           D:3 |       0 |      95 |   0.0 |       0 |      22 |   0.0 |  1729
           D:4 |       0 |      45 |   0.0 |       0 |       4 |   0.0 |   184
               +---------+---------+-------+---------+---------+-------+---------
